 Dungeon Crawl Stone Soup version 0.25-a0-829-g4e6a552925 (webtiles) character file.

Game seed: 1063742848660997011, levelgen mode: deterministic

4664 Esekla the Magician (level 10, -4/53 HPs)
             Began as a Tengu Venom Mage on Apr 21, 2020.
             Was a Believer of Vehumet.
             Slain by a gargoyle
             ... wielding a +0 flail
              (20 damage)
             ... on level 10 of the Dungeon.
             The game lasted 02:07:07 (13190 turns).

Esekla the Magician (Tengu Venom Mage)             Turns: 13190, Time: 02:07:08

Health: -4/53      AC:  9    Str:  8    XL:     10   Next: 44%
Magic:  13/33      EV: 13    Int: 17    God:    Vehumet [**....]
Gold:   256        SH:  7    Dex: 17    Spells: 9/23 levels left

rFire    . . .     SeeInvis .   P - +7 short sword "Xisut" {drain, rElec Dex+2}
rCold    + . .     Gourm    .   y - +2 buckler
rNeg     + + +     Faith    +   N - +1 ring mail "Devadail" {rElec rN+++ MP+9 Slay-3} (curse)
rPois    +         Spirit   .   (helmet restricted)
rElec    +         Reflect  .   C - +0 cloak
rCorr    +         Harm     .   v - +0 pair of gloves
MR       .....     Clarity  +   (boots unavailable)
Stlth    +.........             F - amulet of faith
HPRegen  0.17/turn              G - ring of resist corrosion
MPRegen  0.23/turn              R - ring of poison resistance

@: very slightly contaminated
A: beak, talons 3, clarity, cold resistance 1, dopey 1, high mp 1, able to fly
a: Fly, Renounce Religion


You were on level 10 of the Dungeon.
You worshipped Vehumet.
Vehumet was pleased with you.
You were not hungry.

You visited 3 branches of the dungeon, and saw 12 of its levels.
You also visited: Sewer.

You collected 638 gold pieces.
You spent 382 gold pieces at shops.

Inventory:

Hand Weapons
 f - a +0 falchion
 s - a +0 short sword
 t - a +0 trident
 P - the +7 short sword "Xisut" (weapon) {drain, rElec Dex+2}
   (You found it on level 8 of the Dungeon)

   A truly terrible weapon, it drains the life of those it strikes.
   It affects your dexterity (+2).
   It insulates you from electricity.
Missiles
 l - 4 boomerangs (quivered)
 z - 25 poisoned darts
Armour
 v - a +0 pair of gloves (worn)
 y - a +2 buckler (worn)
 C - a +0 cloak (worn)
 E - the +2 robe of Noon {Str+4 Dex-2}
   (You bought it in a shop on level 4 of the Dungeon)

   It affects your strength (+4).
   It affects your dexterity (-2).
 N - the cursed +1 ring mail "Devadail" (worn) {rElec rN+++ MP+9 Slay-3}
   (You bought it in a shop on level 4 of the Dungeon)

   It affects your accuracy and damage with ranged weapons and melee attacks
   (-3).
   It insulates you from electricity.
   It renders you almost immune to negative energy.
   It affects your magic capacity (+9).
   It has a curse placed upon it.
 Q - a +2 robe of magic resistance
Jewellery
 q - an uncursed amulet of guardian spirit
 F - an amulet of faith (around neck)
 G - a ring of resist corrosion (left hand)
 M - an uncursed amulet of magic regeneration
 R - a ring of poison resistance (right hand)
Wands
 a - a wand of enslavement (12)
 I - a wand of polymorph (4)
 K - a wand of flame (18)
Scrolls
 d - 6 scrolls of remove curse
 h - 3 scrolls of blinking
 i - 7 scrolls of teleportation
 m - 2 scrolls of immolation {unknown}
 o - a scroll of magic mapping
 p - 3 scrolls of amnesia {unknown}
 u - a scroll of enchant armour {unknown}
 w - a scroll of brand weapon {unknown}
 x - a scroll of fog
 B - 3 scrolls of random uselessness {unknown}
 D - 2 scrolls of fear
Potions
 b - 4 potions of curing
 e - 2 potions of heal wounds
 g - 2 potions of lignification {unknown}
 j - a potion of ambrosia {unknown}
 k - 3 potions of berserk rage
 n - 4 potions of might
 r - 2 potions of mutation
 A - 3 potions of stabbing
 H - a potion of brilliance {unknown}
 J - a potion of cancellation {unknown}
Comestibles
 c - 14 rations


   Skills:
 + Level 2.1 Fighting
 + Level 5.5(5.8) Short Blades
 + Level 2.3(4.2) Long Blades
 + Level 0.1 Polearms
 + Level 2.5 Throwing
 + Level 4.1 Armour
 + Level 5.5 Dodging
 - Level 2.0 Stealth
 + Level 4.1 Shields
 * Level 7.2 Spellcasting
 + Level 4.0 Conjurations
 * Level 2.4 Translocations
 - Level 0.7 Transmutations
 * Level 3.7 Fire Magic
 - Level 4.0 Air Magic
 + Level 4.9 Poison Magic


You had 9 spell levels left.
You knew the following spells:

 Your Spells              Type           Power        Failure   Level  Hunger
a - Sting                 Tmut/Pois      ###.         10%         1    None
b - Blink                 Tloc           N/A          17%         2    None
c - Mephitic Cloud        Conj/Pois/Air  ###.....     16%         3    ##.....
f - Conjure Flame         Conj/Fire      ###.....     19%         3    ##.....
n - Ignite Poison         Fire/Tmut/Pois ###.....     26%         3    ##.....
v - Poisonous Vapours     Pois/Air       ###...       8%          2    None

Your spell library contained the following spells:

 Spells                   Type           Power        Failure   Level  Hunger
 Sandblast                Erth           #.....       32%         1    None
 Magic Dart               Conj           ###.         6%          1    None
 Olgreb's Toxic Radiance  Pois           ###.....     38%         4    ####...
 Call Imp                 Summ           #.......     43%         2    None
 Slow                     Hex            #.......     43%         2    None


Dungeon Overview and Level Annotations

Branches:
Dungeon (10/15)            Temple (1/1) D:6            Lair (1/6) D:9
    Orc (0/2) D:9           Sewer (visited)

Altars:
Ashenzari
Cheibriados
Dithmenos
Elyvilon
Fedhas
Gozag
Hepliaklqana
Kikubaaqudgha
Makhleb
Nemelex Xobeh
Okawaru
Qazlal
Ru
Sif Muna
Trog
Uskayaw
Vehumet
Wu Jian
Xom
Yredelemnul
Zin
The Shining One

Shops:
D:4 [   D:6 *

Annotations:
D:9 exclusion: orange crystal statue


Innate Abilities, Weirdness & Mutations

You have a beak for a mouth.
You have claws for feet.
You can fly continuously.
You possess an exceptional clarity of mind.
Your flesh is cold resistant. (rC+)
You are dopey. (Int -2)
You have an increased reservoir of magic. (+10% MP)


Message History

Casting: Ignite Poison (mildly dangerous; 26% risk of failure)
Confirm with . or Enter, or press ? or * to list all spells.
Okay, then.
Unknown command.
Casting: Ignite Poison (mildly dangerous; 26% risk of failure)
Confirm with . or Enter, or press ? or * to list all spells.
Aiming: Mephitic Cloud (mildly dangerous; 16% risk of failure)
Press: ? - help, Shift-Dir - straight line, f/p - gargoyle
Aim: a gargoyle, wielding a +0 flail (almost destroyed)
You miscast Mephitic Cloud.
Nothing appears to happen.
You block the adder skeleton's attack. The gargoyle hits you with a +0 flail.
The adder skeleton bites you.
Casting: Mephitic Cloud (mildly dangerous; 16% risk of failure)
Confirm with . or Enter, or press ? or * to list all spells.
Aiming: Mephitic Cloud (mildly dangerous; 16% risk of failure)
Press: ? - help, Shift-Dir - straight line, f/p - gargoyle
Aim: a gargoyle, wielding a +0 flail (almost destroyed)
You miscast Mephitic Cloud.
Nothing appears to happen.
The gargoyle hits you with a +0 flail!!
You die...

+....+ #....#
#....###### #
#.........#
#.#.........## #
#.#.............
#>.......... ...
###.#####.# ....
####.Z@....#.....
#....9...........
#......##.######
#......##...###
####+##.#.#...#
.#.###.#### ...#
#....#
.########.#
........!#.#


You could see a gargoyle and an adder skeleton.

Vanquished Creatures
  Psyche (D:8)
  A troll (D:9)
  2 hippogriffs (D:9)
  A yak (D:9)
  A human (D:8)
  2 hungry ghosts
  3 porcupines
  A black bear (D:10)
  A necrophage (D:6)
  5 orc warriors
  A wolf (Lair:1)
  2 phantoms (D:7)
  An ogre (D:4)
  2 centaurs
  A crocodile (Lair:1)
  A big kobold (D:9)
  4 bullfrogs
  A wyvern zombie (D:8)
  A water moccasin zombie (D:9)
  3 scorpions
  5 howler monkeys
  A crimson imp (D:7)
  A bullfrog zombie (D:5)
  5 hounds
  7 orc priests
  A jelly (D:9)
  Ijyb (D:4)
  4 orc wizards
  4 worker ants
  8 gnolls
  A howler monkey skeleton (D:9)
  5 adders
  A shadow imp (D:8)
  4 oozes (Sewer)
  An adder zombie (D:9)
  2 adder skeletons
  7 worms
  A dart slug (D:2)
  9 leopard geckos
  16 orcs
  11 giant cockroaches
  12 goblins
  4 hobgoblins
  11 jackals
  6 quokkas
  3 ball pythons
  15 bats
  6 frilled lizards
  A jackal zombie (D:7)
  15 kobolds
  2 quokka skeletons
  10 rats
215 creatures vanquished.

Vanquished Creatures (others)
  A fungus (D:9)
1 creature vanquished.

Grand Total: 216 creatures vanquished

Notes
Turn   | Place    | Note
-------+----------+-------------------------------------------
     0 | D:1      | Esekla the Tengu Venom Mage began the quest for the Orb.
     0 | D:1      | Reached XP level 1. HP: 10/10 MP: 4/4
   422 | D:2      | Reached XP level 2. HP: 15/15 MP: 1/6
   426 | D:2      | Learned a level 2 spell: Poisonous Vapours
  1025 | D:2      | Reached skill level 3 in Spellcasting
  1025 | D:2      | Reached XP level 3. HP: 19/19 MP: 2/8
  1033 | D:2      | Reached skill level 1 in Air Magic
  1122 | D:2      | Reached XP level 4. HP: 24/24 MP: 1/9
  1138 | D:2      | Learned a level 3 spell: Mephitic Cloud
  2508 | D:1      | Gained mutation: You can fly continuously. [Tengu growth]
  2508 | D:1      | Reached XP level 5. HP: 25/28 MP: 4/11
  2934 | D:3      | Found a glowing drain.
  3034 | Sewer    | Entered a sewer
  3236 | Sewer    | Reached skill level 1 in Short Blades
  3450 | Sewer    | Reached skill level 1 in Conjurations
  5392 | D:4      | Reached skill level 1 in Armour
  5392 | D:4      | Reached XP level 6. HP: 25/32 MP: 8/12
  5438 | D:4      | Reached skill level 1 in Shields
  5438 | D:4      | Reached skill level 4 in Spellcasting
  5676 | D:4      | Learned a level 3 spell: Ignite Poison
  5890 | D:4      | Found Qowuofo Has's Antique Armour Shoppe.
  5909 | D:4      | Bought a colourful robe for 131 gold pieces
  5941 | D:4      | Identified the +2 robe of Noon {Str+4 Dex-2} (You bought it
                  | in a shop on level 4 of the Dungeon)
  6065 | D:4      | Noticed Ijyb
  6380 | D:4      | Killed Ijyb
  6380 | D:4      | Reached XP level 7. HP: 32/37 MP: 8/14
  6548 | D:5      | Entered Level 5 of the Dungeon
  6591 | D:5      | Found a glowing silver altar of Zin.
  7097 | D:6      | Reached XP level 8. HP: 28/42 MP: 6/15
  7194 | D:6      | Found a staircase to the Ecumenical Temple.
  7203 | Temple   | Entered the Ecumenical Temple
  7258 | Temple   | Became a worshipper of Vehumet
  7325 | D:6      | Found Raho's General Store.
  7393 | D:6      | Bought a cursed amulet of inaccuracy for 22 gold pieces
  7393 | D:6      | Bought a scroll of identify for 22 gold pieces
  7642 | D:5      | Reached skill level 1 in Throwing
  7917 | D:6      | Reached skill level 1 in Fighting
  8354 | D:7      | Found a shadowy altar of Dithmenos.
  8403 | D:7      | Reached skill level 5 in Spellcasting
  8533 | D:7      | Learned a level 2 spell: Blink
  8537 | D:7      | Learned a level 3 spell: Conjure Flame
  9249 | D:7      | Reached skill level 1 in Long Blades
  9249 | D:7      | Reached skill level 1 in Fire Magic
  9249 | D:7      | Reached XP level 9. HP: 42/47 MP: 10/18
  9262 | D:7      | Reached skill level 5 in Short Blades
  9444 | D:4      | Bought a fine ring mail for 207 gold pieces
  9454 | D:4      | Identified the cursed +1 ring mail "Devadail" {rElec rN+++
                  | MP+9 Slay-3} (You bought it in a shop on level 4 of the
                  | Dungeon)
  9570 | D:8      | Noticed Psyche
  9906 | D:8      | Reached * piety under Vehumet
  9906 | D:8      | Offered knowledge of Foxfire by Vehumet.
 10226 | D:8      | Got a crystal short sword
 10234 | D:8      | Identified the +7 short sword "Xisut" {drain, rElec Dex+2}
                  | (You found it on level 8 of the Dungeon)
 10275 | D:8      | Killed Psyche
 10419 | D:8      | Reached skill level 5 in Dodging
 10419 | D:8      | Reached skill level 6 in Spellcasting
 10419 | D:8      | Reached skill level 1 in Translocations
 11022 | D:8      | Upgraded the game from 0.25-a0-822-g6581751b11 to
                  | 0.25-a0-829-g4e6a552925
 11082 | D:9      | Found a staircase to the Orcish Mines.
 11353 | D:9      | Noticed an orange crystal statue
 11532 | D:9      | Found a staircase to the Lair.
 11541 | D:9      | Reached XP level 10. HP: 31/53 MP: 20/20
 12530 | Lair:1   | Entered Level 1 of the Lair of Beasts
 12547 | Lair:1   | Offered knowledge of Sandblast by Vehumet.
 12598 | Lair:1   | Reached skill level 7 in Spellcasting
 12604 | Lair:1   | Reached ** piety under Vehumet
 12689 | Lair:1   | Noticed a spiny frog
 12935 | D:9      | Found the +0 sword of Power
 12938 | D:9      | Gained mutation: Your flesh is cold resistant. (rC+)
                  | [potion of mutation]
 12938 | D:9      | Gained mutation: You are dopey. (Int -2) [potion of
                  | mutation]
 12938 | D:9      | Gained mutation: You have an increased reservoir of magic.
                  | (+10% MP) [potion of mutation]
 12938 | D:9      | Gained mutation: You possess an exceptional clarity of
                  | mind. [potion of mutation]
 12978 | D:10     | Entered Level 10 of the Dungeon
 13168 | D:10     | Noticed a gargoyle
 13190 | D:10     | Slain by a gargoyle

Levels and vault maps discovered:
D:1:      minmay_arrival_checkered_box, layout_loops_ring
D:2:      layout_loops_ring, serial_rivers, chequers_serial_rivers_large_a,
          chequers_serial_rivers_room_a, chequers_serial_rivers_micro_b,
          chequers_serial_rivers_small_3, chequers_serial_rivers_small_3,
          chequers_serial_rivers_room_b, minmay_misc_feat_more_columns,
          columned_hall_lemuel
D:3:      layout_loops_ring, gup_sewer_entry_pipe,
          chequers_serial_rivers_micro_d, kennysheep_generic_room_14
D:4:      layout_loops_corners, serial_shops, shop, uniq_ijyb
D:5:      layout_loops_ring, lemuel_crystal_altar, first_ration,
          kennysheep_boxes
D:6:      layout_cave_pools, minmay_temple_entry_sparse_star, serial_shops,
          nicolae_shop_stone
D:7:      layout_basic, basic_altar
D:8:      layout_basic, grunt_pizzeria, uniq_psyche
D:9:      layout_stronghold, grunt_lair_entry_orc_guard_hut, orc_0_dummy,
          corexii_corridor_pit, minmay_protected_statue
D:10:     layout_basic, uniq_harold
Temple:   kilobyte_greek_temple
Lair:1:   layout_long_grid, grunt_megastairs_2

Skill      XL: |  1  2  3  4  5  6  7  8  9 10 |
---------------+-------------------------------+-----
Spellcasting   | 3 4 5 6 7 |  7.2
Air Magic      | 1 2 3 4 |  4.0
Dodging        | 3 4 5 |  5.5
Short Blades   | 1 2 3 4 5 |  5.5
Conjurations   | 1 2 3 4 |  4.0
Armour         | 1 2 3 4 |  4.1
Shields        | 1 2 3 4 |  4.1
Throwing       | 1 2 |  2.5
Fighting       | 1 2 |  2.1
Long Blades    | 1 2 |  2.3
Fire Magic     | 1 3 |  3.7
Translocations | 1 2 |  2.4
Poison Magic   | 4 |  4.9
Polearms       | |  0.1
Stealth        | |  2.0
Transmutations | |  0.7

Action                   |  1- 3 |  4- 6 |  7- 9 | 10-12 || total
-------------------------+-------+-------+-------+-------++-------
Melee: Short sword       |       |   125 |   245 |   103 ||   473
       Dagger            |       |     7 |       |       ||     7
       Kick              |       |    33 |    60 |    20 ||   113
       Peck              |       |    13 |    40 |    16 ||    69
       Unarmed           |       |     3 |       |       ||     3
       Falchion          |       |       |    60 |       ||    60
       Trident           |       |       |     6 |    17 ||    23
Throw: Boomerang         |       |    22 |    41 |    10 ||    73
       Dart              |       |    10 |    32 |     4 ||    46
 Cast: Sting             |    13 |       |       |       ||    13
       Poisonous Vapours |    22 |   102 |    72 |    19 ||   215
       Mephitic Cloud    |       |     1 |    15 |     5 ||    21
       Blink             |       |       |     3 |     2 ||     5
       Conjure Flame     |       |       |     2 |     2 ||     4
       Ignite Poison     |       |       |     1 |     3 ||     4
 Abil: Fly               |       |     7 |       |       ||     7
       Stop Flying       |       |     7 |       |       ||     7
  Use: Scroll            |       |     4 |    12 |     2 ||    18
       Potion            |       |       |     1 |     3 ||     4
 Stab: Sleeping          |       |     6 |     6 |       ||    12
       Confused          |       |     1 |    10 |       ||    11
  Eat: Chunk             |     1 |    18 |     9 |     7 ||    35
       Ration            |       |     1 |     5 |       ||     6
Armor: Robe              |     7 |    12 |    30 |       ||    49
       Leather armour    |       |    30 |       |       ||    30
       Ring mail         |       |       |    34 |    38 ||    72
Dodge: Dodged            |    17 |   105 |   187 |    62 ||   371
Block: Buckler           |       |    15 |    86 |    43 ||   144
       Rpst.: Falchion   |       |       |    20 |       ||    20

Table legend:
 A = Non-vault XP
 B = Vault XP
 C = Vault XP percentage of total XP
 D = Non-vault monster count
 E = Vault monster count
 F = Vault count percentage of total count
                 A         B        C        D         E       F
            +---------+---------+-------+---------+---------+-------
      Total |    5209 |    1454 |  21.8 |     174 |      41 |  19.1
            +---------+---------+-------+---------+---------+-------
        D:1 |      37 |       0 |   0.0 |      24 |       0 |   0.0
        D:2 |     129 |       0 |   0.0 |      30 |       0 |   0.0
        D:3 |      31 |      16 |  34.0 |      16 |       7 |  30.4
        D:4 |     301 |      36 |  10.7 |      12 |       1 |   7.7
        D:5 |     370 |       0 |   0.0 |      15 |       0 |   0.0
        D:6 |     787 |       0 |   0.0 |      21 |       0 |   0.0
        D:7 |     802 |       0 |   0.0 |      11 |       0 |   0.0
        D:8 |     493 |     655 |  57.1 |      13 |       2 |  13.3
        D:9 |    1469 |     556 |  27.5 |      23 |       4 |  14.8
       D:10 |     344 |       0 |   0.0 |       4 |       0 |   0.0
     Temple |       3 |       0 |   0.0 |       1 |       0 |   0.0
     Lair:1 |     443 |     105 |  19.2 |       4 |       1 |  20.0
      Sewer |       0 |      86 | 100.0 |       0 |      26 | 100.0
            +---------+---------+-------+---------+---------+-------
